Map: Ulaan Deeps

Players

couchman

  • Race: Terran Terran
  • Spawn Location: 9:00

SneakyWolfe

  • Race: Zerg Zerg
  • Spawn Location: 5:00

CBagRun

  • Race: Zerg Zerg
  • Spawn Location: 7:00

Ecrotoss

  • Race: Protoss Protoss
  • Spawn Location: 11:00

HORSES - Winner!

  • Race: Zerg Zerg
  • Spawn Location: 3:00

VOD

Have the link to the VOD?

Description

Time

  • Played on: Dec. 12, 2021, 11:40 p.m.
  • Length: 33:51
Show
View Real Time Build Order
Export as new Build Order

couchman Terran 

Build Orders:  

Get SALT Encoding   

  12  0:00  SCV  
  13  0:12  SCV  
  14  0:20  Supply Depot  
  14  0:26  SCV  
  15  0:41  SCV  
  16  0:43  Refinery  
  16  0:53  SCV  
  17  1:05  Barracks, SCV  
  18  1:17  SCV  
  19  1:29  SCV  
  20  1:37  Supply Depot  
  20  1:45  SCV  
  21  1:48  Refinery  
  21  1:54  Barracks Tech Lab  
  21  1:56  Engineering Bay  
  21  1:58  SCV  
  21  2:00  Supply Depot  
  22  2:10  SCV  
  22  2:15  Marine  
  23  2:17  Stimpack  
  23  2:22  SCV  
  25  2:33  Marine  
  25  2:35  Supply Depot  
  26  2:49  Terran Infantry Weapons Level 1  
  26  2:51  Marine  
  27  2:58  Supply Depot  
  27  3:09  Marine  
  28  3:14  Command Center  
  28  3:17  Orbital Command  
  28  3:26  Marine  
  28  3:33  Factory  
  29  3:42  SCV  
  29  3:44  Marine  
  31  3:50  Missile Turret  
  31  4:02  Marine  
  32  4:20  Marine  
  32  4:22  Starport, Widow Mine  
  35  4:29  Barracks  
  35  4:38  Marine  
  36  4:44  Widow Mine  
  36  4:56  Marine  
  36  4:59  SCV  
  38  5:01  SCV  
  39  5:11  SCV  
  39  5:13  Marine, SCV  
  42  5:23  SCV  
  43  5:31  Marine  
  43  5:35  Barracks Reactor, SCV  
  44  5:40  Barracks  
  45  5:44  Starport Tech Lab, Barracks  
  45  5:49  Marine  
  46  5:54  Fusion Core  
  46  5:55  SCV  
  47  5:57  SCV  
  47  6:03  Refinery  
  48  6:07  Marine, SCV, Refinery  
  48  6:09  SCV  
  51  6:19  SCV  
  51  6:21  Supply Depot  
  51  6:22  SCV  
  51  6:25  Marine  
  54  6:31  Marine x2  
  58  6:34  SCV  
  58  6:36  Barracks Reactor  
  58  6:37  Barracks Reactor  
  57  6:42  Marine  
  57  6:44  Supply Depot  
  58  6:49  Marine  
  58  6:51  Battlecruiser  
  65  6:56  Weapon Refit  
  65  6:59  Terran Infantry Armor Level 1  
  65  7:00  Marine  
  66  7:06  Supply Depot  
  66  7:16  Widow Mine  
  68  7:28  Supply Depot  
  68  7:47  Marine x5  
  68  7:48  Marine x2  
  75  8:05  Marine x6  
  68  8:06  Marine  
  58  8:21  Battlecruiser  
  58  8:22  Marine x2  
  58  8:23  Marine x5  
  71  8:28  Starport  
  71  8:35  Advanced Ballistics  
  71  8:40  Marine x3  
  74  8:45  SCV  
  75  8:53  Neosteel Armor  
  75  8:57  SCV  
  76  9:05  Armory  
  35  9:53  Missile Turret  
  33  10:42  Starport Tech Lab  
  33  10:44  Battlecruiser  
  39  10:51  Marine x5  
  39  10:52  Marine x2  
  46  11:09  Marine x2  
  48  11:33  Marine x3  
  48  11:34  Terran Infantry Weapons Level 2  
  48  11:38  Battlecruiser  
  57  11:48  Battlecruiser  
  63  12:20  Marine  
  63  12:21  Marine x2  
  63  12:22  Marine x2  
  67  12:23  Marine x2  
  70  12:33  Terran Ship Weapons Level 1  
  70  12:43  Battlecruiser, Orbital Command  
  70  14:13  SCV  
  70  14:15  SCV  
  66  14:21  Refinery  
  66  14:25  SCV  
  66  14:27  SCV  
  68  15:07  SCV  
  69  15:20  Marine  
  69  15:21  Marine x3  
Show
View Real Time Build Order
Export as new Build Order

SneakyWolfe Zerg 

Build Orders: Pool First 

Get SALT Encoding   

  12  0:21  Extractor  
  11  0:27  Extractor  
  10  0:36  Spawning Pool  
  10  0:42  Evolution Chamber  
  8  1:44  Hatchery  
  7  1:54  Zergling x2  
  8  1:56  Drone  
  8  1:58  Drone  
  10  2:48  Drone  
  10  2:50  Drone x2  
  13  3:07  Overlord  
  13  3:15  Zergling x2  
  14  4:24  Drone  
  14  4:25  Drone x2, Spore Crawler  
  16  4:36  Spore Crawler  
  15  4:53  Roach Warren  
  15  4:59  Drone  
  13  6:09  Drone x2  
  13  6:10  Drone  
  16  6:28  Roach  
  18  6:48  Drone x2  
  18  6:49  Drone  
  21  7:18  Lair  
  21  7:31  Drone  
  21  7:32  Drone x2  
  24  7:41  Roach x2  
  28  8:11  Overlord x2  
  28  8:12  Overlord  
  28  8:20  Overlord  
  28  8:22  Overlord  
  28  8:46  Zergling x6  
  31  8:49  Roach x3  
  27  9:24  Zergling x4  
  29  9:26  Zergling x6  
  32  9:41  Zergling x2  
  33  9:55  Baneling Nest  
  32  10:09  Zerg Melee Weapons Level 1  
  32  10:13  Metabolic Boost  
  32  10:34  Zergling x6  
  35  10:38  Overlord x3  
  35  10:42  Centrifugal Hooks  
  35  10:47  Baneling  
  35  10:48  Baneling x4  
  35  10:49  Baneling x3  
  35  10:50  Baneling  
  35  10:51  Baneling  
  30  11:46  Drone  
  31  11:48  Zergling x4  
  33  12:03  Zerg Missile Weapons Level 1  
  33  12:10  Hydralisk Den  
  33  12:37  Drone x3  
  33  12:38  Spire  
  34  12:49  Zergling x4  
  34  12:50  Zergling x2  
  37  13:07  Queen  
  39  13:46  Grooved Spines  
  39  13:49  Glial Reconstitution  
  39  13:57  Zerg Ground Armor Level 1  
  39  14:11  Zerg Flyer Weapons Level 1  
  39  14:22  Hydralisk x3  
  45  14:53  Baneling  
  45  14:54  Baneling x6  
  45  14:55  Baneling x5  
  45  14:56  Baneling x5  
  45  14:57  Baneling, Muscular Augments  
  45  15:07  Tunneling Claws  
  45  15:14  Mutalisk x3  
  45  15:15  Mutalisk  
  45  15:16  Mutalisk x2  
  48  16:06  Zerg Flyer Armor Level 1  
  34  17:00  Lurker Den  
  33  17:13  Zerg Melee Weapons Level 2  
  33  17:21  Lair  
  33  17:33  Hydralisk x3  
  33  17:35  Hydralisk x3  
  45  19:28  Zerg Missile Weapons Level 2  
  43  21:44  Zerg Ground Armor Level 2  
  21  22:50  Zergling x4  
  21  22:51  Zergling x6  
  24  22:52  Zergling x2  
  27  23:29  Spine Crawler  
  26  23:34  Spine Crawler  
  26  23:35  Spine Crawler  
  26  23:36  Spine Crawler  
  26  23:37  Spine Crawler  
  26  23:38  Spine Crawler  
  26  23:39  Spine Crawler  
  26  23:40  Spine Crawler  
  19  23:46  Spine Crawler  
  19  23:48  Zergling x2  
  19  23:49  Spine Crawler  
  18  24:05  Spine Crawler  
  18  24:08  Spine Crawler  
Show
View Real Time Build Order
Export as new Build Order

CBagRun Zerg 

Build Orders: Pool First 

Get SALT Encoding   

  12  0:01  Drone  
  13  0:13  Overlord  
  13  0:22  Drone  
  14  0:39  Overlord  
  14  0:41  Drone x2  
  16  0:47  Extractor  
  15  0:59  Drone  
  16  1:26  Drone x2  
  16  1:27  Drone  
  16  1:32  Spawning Pool  
  18  1:43  Hatchery  
  18  1:46  Drone  
  18  2:20  Extractor  
  18  2:22  Drone x2  
  19  2:36  Queen  
  21  2:52  Drone, Roach Warren  
  21  2:56  Drone  
  22  3:04  Queen  
  24  3:19  Drone  
  26  3:20  Drone  
  26  3:24  Drone  
  26  3:25  Drone x2  
  29  3:40  Extractor  
  29  3:41  Drone  
  29  3:42  Drone  
  29  3:45  Overlord  
  30  3:50  Drone x3  
  33  4:05  Zergling x2  
  33  4:06  Zergling x2  
  39  4:10  Roach x2  
  39  4:16  Metabolic Boost  
  39  4:19  Lair  
  39  4:41  Roach x2  
  43  4:47  Overlord x2  
  43  4:48  Overlord x3  
  41  4:58  Zergling x2  
  41  4:59  Zergling x4  
  34  5:29  Queen  
  37  5:35  Zergling x4  
  37  5:36  Zergling x4  
  40  5:50  Zergling x2  
  40  5:51  Zergling x8  
  40  5:56  Zergling x4  
  47  5:59  Zergling x2  
  48  6:10  Zergling x2  
  49  6:12  Zergling x2  
  49  6:13  Zergling x4  
  52  6:22  Zergling x2  
  54  6:25  Zergling x2  
  54  6:43  Zergling x4  
  54  6:44  Zergling x6  
  54  6:46  Zergling x2  
  54  6:47  Zergling x6  
  63  7:02  Drone  
  63  7:03  Drone x3  
  63  7:07  Zergling x4  
  69  7:11  Zergling x2  
  70  7:25  Infestation Pit  
  69  7:34  Zergling x6  
  72  7:38  Zergling x8  
  76  7:49  Zergling x2  
  55  8:27  Spore Crawler  
  55  8:34  Spore Crawler  
  54  8:42  Spine Crawler  
  54  8:44  Spine Crawler  
  52  8:51  Spore Crawler  
  52  8:55  Drone x2  
  52  8:56  Drone x3  
  52  8:57  Drone  
  52  9:01  Drone  
  58  9:09  Extractor  
  57  9:16  Swarm Host  
  60  9:18  Swarm Host x2  
  62  9:32  Spore Crawler  
  59  9:52  Spore Crawler  
  57  9:56  Spore Crawler x2  
  57  9:58  Spore Crawler  
  54  10:01  Spore Crawler  
  52  10:16  Spawning Pool  
  51  10:23  Drone x2  
  51  10:24  Drone, Evolution Chamber  
  47  10:48  Drone x2  
  47  10:54  Spore Crawler  
  42  10:58  Spore Crawler  
  42  10:59  Spore Crawler  
  42  11:01  Zergling x2  
  42  11:02  Spore Crawler, Zergling x2  
  42  11:03  Queen  
  38  11:05  Overlord x2  
  38  11:06  Overlord  
  35  11:38  Queen  
  37  12:00  Spire  
  15  12:24  Zergling x6  
  15  12:25  Zergling x6  
  18  12:31  Spine Crawler  
  18  12:36  Spine Crawler  
  17  12:44  Zergling x2  
  17  12:55  Drone  
  18  13:19  Drone x2  
  20  13:20  Drone x2  
  22  13:37  Mutalisk x2  
  22  13:38  Mutalisk x2  
  27  13:49  Spine Crawler  
  26  14:05  Mutalisk  
  26  14:06  Mutalisk  
  30  14:18  Hive  
  30  14:43  Zerg Flyer Armor Level 1  
  30  14:45  Mutalisk x3  
  30  14:46  Mutalisk x3  
  42  15:16  Mutalisk x3  
  42  15:17  Mutalisk  
  50  15:25  Hatchery  
  49  15:33  Adrenal Glands  
  49  15:34  Zergling x2  
  49  15:35  Zergling x6  
  53  15:46  Queen  
  45  16:00  Mutalisk x2  
  49  16:15  Drone x3, Spore Crawler  
  51  16:20  Roach  
  51  16:22  Burrow  
  53  16:30  Drone x2  
  53  16:31  Drone x2  
  57  16:37  Zerg Flyer Weapons Level 1  
  57  16:56  Zergling x4  
  59  17:18  Mutalisk x2  
  59  17:19  Mutalisk  
  65  17:59  Zergling x4  
  65  18:00  Zergling x8  
  65  18:03  Hatchery  
  70  18:19  Mutalisk  
  72  18:31  Zerg Flyer Armor Level 2  
  72  18:37  Zergling x8  
  76  19:09  Mutalisk  
  78  19:27  Queen  
  81  19:31  Drone  
  81  19:50  Drone  
  81  19:51  Drone x2  
  84  19:56  Extractor  
  84  19:58  Extractor  
  82  20:03  Mutalisk x2  
  86  20:10  Drone  
  86  20:11  Drone  
  88  20:28  Drone  
  88  20:29  Drone x3  
  92  20:47  Zerg Flyer Weapons Level 2  
  73  21:18  Drone x3  
  74  21:19  Drone x3  
  79  21:35  Mutalisk  
  81  22:14  Roach  
  81  22:15  Roach x8  
  99  22:24  Overlord x2  
  99  22:25  Overlord x2  
  99  22:27  Overlord  
  99  22:28  Overlord  
  99  22:58  Hatchery  
  98  23:03  Zergling x8, Zerg Flyer Armor Level 3  
  67  24:11  Mutalisk x3  
  72  24:21  Drone  
  72  24:23  Drone  
  74  24:30  Mutalisk  
  76  24:44  Mutalisk  
  76  24:45  Mutalisk  
  80  24:48  Queen  
  79  25:20  Drone x2  
  79  25:21  Drone  
  81  25:31  Queen  
  83  25:43  Zerg Flyer Weapons Level 3  
  71  26:11  Ultralisk Cavern  
  70  26:19  Mutalisk  
  70  26:20  Mutalisk x3  
  70  26:23  Mutalisk x4  
  86  26:32  Extractor  
  86  26:37  Extractor  
  84  26:41  Spore Crawler  
  84  26:43  Spore Crawler  
  84  26:47  Spore Crawler x2  
  81  26:50  Spine Crawler  
  81  26:52  Spine Crawler  
  78  26:54  Spine Crawler  
  78  26:55  Drone x5  
  78  26:56  Drone x4  
  86  27:36  Drone x2  
  88  27:43  Ultralisk x2  
  100  28:13  Ultralisk  
  106  28:23  Ultralisk  
  74  28:56  Spore Crawler  
  74  29:01  Spore Crawler  
  74  29:02  Mutalisk x3  
  48  29:03  Spore Crawler  
  48  29:07  Mutalisk  
  40  29:18  Zergling x2  
  40  29:22  Zergling x2  
  40  29:23  Zergling x24  
  44  29:55  Spore Crawler  
  11  30:16  Mutalisk x3  
  8  30:31  Zergling x2  
Show
View Real Time Build Order
Export as new Build Order

Ecrotoss Protoss 

Build Orders: Double Forge, Carriers 

Get SALT Encoding   

  12  0:00  Probe  
  13  0:12  Probe  
  14  0:35  Pylon  
  14  0:37  Probe  
  14  0:41  Pylon  
  15  0:53  Probe, Assimilator  
  15  0:56  Pylon  
  16  1:01  Assimilator  
  16  1:05  Probe  
  16  1:09  Pylon  
  17  1:18  Probe  
  18  1:28  Forge  
  18  1:30  Probe  
  19  1:36  Gateway  
  19  1:44  Probe  
  20  1:57  Probe  
  21  2:09  Probe  
  21  2:12  Nexus  
  22  2:27  Photon Cannon  
  22  2:32  Probe  
  23  2:40  Zealot  
  23  2:44  Probe  
  26  2:46  Protoss Ground Armor Level 1  
  26  2:56  Probe  
  27  3:02  Photon Cannon  
  27  3:11  Zealot  
  29  3:26  Pylon  
  29  3:29  Pylon  
  29  3:31  Probe  
  30  3:38  Zealot  
  32  3:43  Probe  
  32  3:47  Cybernetics Core  
  33  3:55  Probe  
  34  3:57  Gateway  
  34  4:03  Forge  
  34  4:07  Probe  
  35  4:15  Forge  
  35  4:19  Probe  
  35  4:22  Pylon  
  36  4:31  Probe, Photon Cannon  
  36  4:35  Photon Cannon  
  37  4:42  Assimilator  
  37  4:44  Probe  
  38  4:47  Assimilator  
  38  4:56  Warp Gate  
  38  4:57  Probe  
  39  5:02  Stargate  
  39  5:10  Pylon  
  39  5:19  Stargate  
  39  5:23  Stargate  
  39  5:26  Cybernetics Core  
  39  5:31  Probe  
  40  5:38  Photon Cannon  
  40  5:40  Zealot x2  
  44  5:43  Probe  
  45  5:56  Pylon  
  45  5:59  Void Ray  
  45  6:00  Void Ray  
  45  6:07  Void Ray, Stalker  
  59  6:27  Stalker  
  61  6:46  Protoss Air Weapons Level 1  
  61  6:50  Protoss Air Armor Level 1  
  61  6:57  Stalker  
  61  7:00  Fleet Beacon  
  63  7:03  Gateway  
  63  7:06  Gateway  
  63  7:19  Stargate  
  63  7:26  Robotics Facility  
  63  7:47  Probe  
  64  7:59  Probe  
  64  8:05  Nexus  
  65  8:12  Pylon  
  65  8:15  Pylon  
  65  8:32  Robotics Bay  
  65  8:34  Carrier  
  71  8:42  Probe  
  72  8:53  Photon Cannon  
  72  8:54  Probe  
  73  9:03  Photon Cannon  
  73  9:06  Probe, Photon Cannon  
  73  9:08  Assimilator  
  74  9:19  Observer  
  75  9:40  Disruptor  
  78  9:46  Zealot x2  
  82  9:58  Zealot  
  82  9:59  Zealot  
  86  10:03  Pylon  
  86  10:07  Pylon  
  86  10:12  Carrier  
  92  10:19  Probe  
  93  10:31  Probe  
  94  10:39  Twilight Council  
  94  10:46  Probe  
  95  10:58  Probe  
  91  11:41  Stalker x3  
  97  12:07  Carrier  
  97  12:08  Carrier x2  
  115  12:17  Probe  
  116  12:31  Protoss Air Weapons Level 2  
  116  12:32  Protoss Air Armor Level 2  
  116  12:34  Protoss Shields Level 1, Protoss Ground Armor Level 2, Protoss Ground Weapons Level 1  
  116  12:42  Stalker  
  118  12:44  Zealot  
  120  13:05  Charge  
  120  13:15  Carrier  
  126  13:45  Gravitic Boosters  
  126  14:13  Nexus  
  126  14:20  Pylon  
  126  14:23  Pylon  
  126  14:45  Blink  
  126  14:49  Stalker x3  
  126  14:50  Stalker  
  100  17:18  Observer  
  96  17:57  Probe  
  93  18:04  Void Ray x2  
  93  18:09  Probe  
  93  18:11  Carrier x2  
  114  18:18  Stalker x4  
  122  18:21  Probe  
  123  18:30  Gateway  
  123  18:33  Probe, Gateway  
  124  18:35  Gateway  
  124  18:37  Gateway  
  124  18:45  Probe  
  125  19:01  Nexus  
  85  19:42  Zealot  
  85  19:43  Zealot x3  
  80  20:13  Zealot x3  
  80  20:14  Zealot  
  87  20:40  Carrier  
  65  21:06  Carrier  
  65  21:07  Carrier  
  77  21:18  Protoss Ground Weapons Level 2  
  77  21:24  Protoss Ground Armor Level 3  
  77  22:09  Stalker x2  
  77  22:10  Stalker  
  77  22:11  Zealot x3  
  89  22:43  Protoss Air Weapons Level 3  
  82  23:03  Protoss Air Armor Level 3  
  82  23:24  Pylon  
  82  23:27  Pylon  
  82  23:38  Carrier  
  78  23:46  Stalker  
  78  23:47  Stalker x2  
  51  26:20  Zealot  
  51  26:25  Zealot x2  
  51  27:01  Pylon  
  51  27:07  Pylon  
  51  27:18  Probe  
  51  27:21  Assimilator  
  52  27:30  Probe  
  52  27:34  Gateway  
  52  27:35  Gateway  
  53  27:39  Gateway  
  53  27:43  Probe  
  54  27:54  Zealot x4  
  54  27:55  Zealot  
  64  28:16  Stalker  
  64  28:19  Stalker  
  68  29:16  Observer  
  43  32:44  Zealot x2  
Show
View Real Time Build Order
Export as new Build Order

HORSES Zerg - Winner!

Build Orders: Hatch First 

Get SALT Encoding   

  12  0:15  Drone  
  12  0:17  Overlord  
  12  0:20  Drone  
  14  0:37  Drone x2  
  16  1:04  Hatchery  
  15  1:05  Drone x2  
  17  1:21  Spawning Pool  
  17  1:24  Extractor  
  17  1:25  Drone x2  
  17  1:50  Drone  
  17  1:51  Evolution Chamber  
  17  1:54  Drone  
  17  1:57  Drone  
  19  2:01  Hatchery  
  18  2:17  Drone  
  18  2:20  Queen  
  18  2:21  Queen  
  23  2:30  Drone x2  
  25  2:38  Drone  
  25  2:42  Zergling x2  
  27  2:52  Extractor  
  27  2:53  Drone x2  
  28  3:02  Overlord  
  28  3:12  Queen  
  28  3:16  Drone  
  31  3:22  Drone  
  31  3:23  Drone  
  31  3:25  Drone x2  
  31  3:26  Drone  
  36  3:41  Queen  
  36  3:46  Drone x4  
  42  4:07  Overlord x4  
  42  4:16  Overlord x5  
  42  4:33  Drone x4  
  46  4:59  Drone  
  47  5:00  Drone x5  
  47  5:06  Metabolic Boost  
  52  5:08  Zerg Melee Weapons Level 1  
  52  5:14  Evolution Chamber  
  51  5:24  Drone  
  51  5:28  Drone  
  53  5:30  Zergling x2  
  53  5:31  Zergling x10  
  59  5:50  Drone x3  
  59  5:51  Drone x2  
  64  6:07  Drone x3  
  67  6:29  Zergling x4  
  69  6:39  Zergling x4  
  72  6:40  Zergling x16  
  72  6:41  Zergling x4  
  81  6:51  Roach Warren  
  80  6:54  Evolution Chamber  
  80  6:59  Spawning Pool  
  79  7:01  Zergling x8  
  79  7:02  Zergling x2, Zerg Ground Armor Level 1  
  83  7:24  Zergling x4  
  83  7:28  Lair  
  85  7:30  Lair  
  85  7:32  Lair  
  85  7:39  Drone x2  
  85  7:40  Drone x2  
  89  7:56  Roach x2  
  89  7:57  Roach x7  
  89  7:58  Roach x2  
  111  8:05  Drone x3  
  114  8:08  Overlord x4  
  114  8:15  Overlord  
  114  8:16  Overlord x5  
  113  8:56  Zerg Missile Weapons Level 1  
  112  9:20  Zergling x2  
  112  9:21  Zergling x4  
  115  9:36  Drone x2  
  115  9:37  Drone  
  118  9:48  Zerg Melee Weapons Level 2  
  118  9:55  Glial Reconstitution  
  118  9:58  Roach  
  118  9:59  Roach x2  
  124  10:01  Roach  
  124  10:03  Roach  
  128  10:23  Roach  
  128  10:24  Roach x3  
  136  10:50  Zerg Ground Armor Level 2  
  136  10:57  Drone x4  
  136  10:58  Drone x3  
  143  11:20  Infestation Pit  
  143  11:23  Extractor  
  141  11:48  Roach x5  
  141  11:53  Zergling x2  
  141  11:54  Zergling x8  
  156  12:04  Zerg Missile Weapons Level 2  
  127  13:27  Roach x3  
  127  13:51  Roach x4  
  127  13:52  Roach x8  
  127  13:53  Roach x6  
  163  14:34  Roach x5  
  163  14:35  Roach x4  
  181  15:01  Extractor  
  180  15:09  Roach x4  
  187  15:31  Hatchery  
  173  15:41  Roach x6  
  173  15:42  Roach x4  
  193  15:47  Overlord  
  193  15:48  Overlord x3  
  183  16:41  Hydralisk Den  
  182  16:50  Hydralisk Den  
  182  16:53  Zergling x2  
  182  16:54  Zergling x14  
  184  16:55  Zergling x16  
  184  16:56  Zergling x4  
  199  17:03  Hive  
  199  17:05  Hive  
  181  18:02  Grooved Spines  
  181  18:03  Muscular Augments  
  181  18:05  Hydralisk x7  
  183  18:06  Hydralisk x2  
  140  19:59  Hydralisk x5  
  136  20:00  Hydralisk x6  
  136  20:03  Hydralisk x2  
  104  20:33  Zergling x10  
  104  20:34  Zergling x16  
  104  20:35  Zergling x8  
  121  20:46  Drone x3  
  124  21:40  Extractor  
  124  21:44  Extractor  
  122  22:03  Zergling x12  
  120  23:00  Hydralisk x2  
  120  23:01  Hydralisk x4  
  109  23:20  Drone x3  
  109  23:22  Drone  
  113  23:42  Hatchery  
  113  23:44  Extractor  
  111  23:50  Extractor  
  110  24:18  Hydralisk x5  
  110  24:19  Hydralisk x7  
  111  24:52  Hydralisk  
  111  24:53  Hydralisk x6  
  55  25:29  Zerg Missile Weapons Level 3  
  39  26:25  Roach x3  
  45  26:26  Roach x9  
  45  26:27  Roach x7  
  45  26:31  Drone x2  
  79  26:34  Drone  
  79  26:38  Queen  
  82  26:46  Drone x3  
  65  27:23  Hydralisk x9  
  65  27:24  Hydralisk x3  
  89  27:46  Drone x3  
  92  28:06  Zerg Ground Armor Level 3  
  92  28:26  Drone x2  
  94  28:47  Lurker Den  
  93  28:51  Ultralisk Cavern  
  92  29:13  Zergling x10  
  97  29:27  Adrenal Glands  
  97  29:40  Drone  
  97  29:41  Drone  
  99  30:09  Ultralisk  
  99  30:10  Ultralisk x2  
  118  30:21  Zergling x8  
  118  30:22  Zergling x6  
  124  30:54  Zergling x2  
  124  30:55  Zergling x6  
  140  31:18  Ultralisk x3  
  146  31:50  Zergling x10  
  146  31:51  Zergling x6  
  152  32:29  Hydralisk x9  
  162  32:30  Hydralisk  
Tags
 
Add a new tag
Caveats
  • Supply blocks, unpowered buildings, or Contaminate may cause inaccurate times.
  • Supply counts are checked every 10 seconds.